 Dungeon Crawl Stone Soup version 0.17-a0-1545-gc1bb672 (console) character file.

45609 Monkaria the Impaler (level 14, -2/108 HPs)
             Began as a Minotaur Berserker on July 18, 2015.
             Was the Champion of Trog.
             Slain by FIQ's ghost (29 damage)
             ... on level 6 of the Lair of Beasts.
             The game lasted 00:48:56 (19131 turns).

Monkaria the Impaler (Minotaur Berserker)          Turns: 19131, Time: 00:48:56

Health: -2/108     AC: 19    Str: 22 (24) XL:     14   Next: 1%
Magic:  13/13      EV: 16    Int:  4 (5)  God:    Trog [******]
Gold:   1062       SH:  0    Dex: 14      Spells: 0 memorised, 13 levels left

rFire  + . .     SeeInvis .     Q - +4 halberd (flame)
rCold  + . .     Clarity  .     v - +0 scale mail
rNeg   + . .     SustAt   .     (no shield)
rPois  +         Gourm    .     (helmet restricted)
rElec  +         Spirit   .     y - +1 cloak
rCorr  .         Warding  .     O - +0 pair of gloves
rMut   .         NoTele   +     (no boots)
MR     +++..                    (no amulet)
Stlth  ..........               V - ring "Tuel" {-Tele rElec rPois rF+ rN+ Dex+2}
                                e - +5 ring of protection

@: regenerating, extremely resistant to hostile enchantments, extremely
unstealthy
A: retaliatory headbutt, beak, claws 1, horns 2, icy blue scales 1, cold
resistance 1, deterioration 1, frail 1, poison resistance, evolution 2
a: Burn Spellbooks, Berserk, Trog's Hand, Brothers in Arms, Renounce Religion


You were on level 6 of the Lair of Beasts.
You worshipped Trog.
Trog was exalted by your worship.
You were hungry.

You visited 3 branches of the dungeon, and saw 18 of its levels.
You also visited: Volcano.

You collected 1216 gold pieces.
You spent 154 gold pieces at shops.

Inventory:

Hand weapons
 q - a +0 blowgun
 Q - a +4 halberd of flaming (weapon)
 S - a +3 vampiric glaive
Missiles
 w - 107 poisoned needles
 L - 11 steel javelins (quivered)
 P - 14 javelins
Armour
 v - a +0 scale mail (worn)
 y - a +1 cloak (worn)
 O - a +0 pair of gloves (worn)
Rods
 h - a +0 rod of the swarm (13/13)
   (You found it on level 5 of the Dungeon)
Jewellery
 e - a +5 ring of protection (left hand)
 f - an uncursed ring of see invisible
 M - a cursed ring of teleportation {unknown}
 R - an uncursed ring of protection from magic
 V - the ring "Tuel" (right hand) {-Tele rElec rPois rF+ rN+ Dex+2}
   (You found it on level 9 of the Dungeon)

   [ring of positive energy]

   It affects your dexterity (+2).
   It protects you from fire.
   It insulates you from electricity.
   It protects you from poison.
   It protects you from negative energy.
   It prevents most forms of teleportation.
Magical devices
 d - a wand of confusion (30)
 p - a wand of cold (9)
 r - a wand of teleportation (7)
 D - a wand of disintegration (6)
 E - a wand of disintegration (9)
 H - a wand of random effects (27)
 J - a wand of fireball (9)
 K - a wand of digging (14)
Scrolls
 a - 2 scrolls of torment {unknown}
 g - 3 scrolls of fear
 o - 10 scrolls of remove curse
 B - 2 scrolls of blinking
 G - a scroll of enchant armour
 I - a scroll of holy word {unknown}
 N - 8 scrolls of teleportation
 W - 2 scrolls of magic mapping
Potions
 b - 3 potions of invisibility
 i - 3 potions of brilliance
 j - 5 potions of agility
 l - a potion of cure mutation
 m - 2 potions of might
 s - 3 potions of haste
 t - 2 potions of berserk rage
 u - a potion of cancellation
 x - 2 potions of lignification
 z - 6 potions of curing
 F - 4 potions of heal wounds
Books
 A - a book of Callings

   Spells                             Type                      Level
   a - Summon Small Mammal            Summoning                    1
   b - Call Imp                       Summoning                    2
   c - Call Canine Familiar           Summoning                    3
   d - Summon Guardian Golem          Hexes/Summoning              3
   e - Summon Lightning Spire         Summoning/Air                4
   f - Summon Ice Beast               Ice/Summoning                4
   Trog disapproves of the use of such an item.
 C - a book of Battle

   Spells                             Type                      Level
   a - Infusion                       Charms                       1
   b - Shroud of Golubria             Charms/Translocation         2
   c - Song of Slaying                Charms                       2
   d - Spectral Weapon                Hexes/Charms                 3
   e - Regeneration                   Charms/Necromancy            3
   Trog disapproves of the use of such an item.
 U - a Young Poisoner's Handbook

   Spells                             Type                      Level
   a - Sting                          Conjuration/Poison           1
   b - Cure Poison                    Poison                       2
   c - Mephitic Cloud                 Conjuration/Poison/Air       3
   d - Olgreb's Toxic Radiance        Poison                       4
   e - Venom Bolt                     Conjuration/Poison           5
   Trog disapproves of the use of such an item.
Miscellaneous
 n - a sack of spiders
Comestibles
 c - 9 bread rations
 k - a meat ration
 T - a beef jerky


   Skills:
 - Level 10.0 Fighting
 - Level 19.6 Polearms
 + Level 13.2 Armour
 - Level 10.2 Dodging


You had 13 spell levels left.
You didn't know any spells.

Dungeon Overview and Level Annotations

Branches:
Dungeon (11/15)            Temple (1/1) D:7            Lair (6/8) D:11
  Swamp (0/4) Lair:3       Spider (0/4) Lair:6          Orc (0/4) D:10
  Slime: Lair:6-8

Altars:
Ashenzari
Cheibriados
Dithmenos
Elyvilon
Fedhas
Gozag
Kikubaaqudgha
Makhleb
Nemelex Xobeh
Okawaru
Qazlal
Ru
Sif Muna
Trog
Vehumet
Xom
Yredelemnul
Zin
The Shining One

Shops:
D:8 ?

Annotations:
Lair:6 FIQ's ghost, powerful TrCK


Innate Abilities, Weirdness & Mutations

You reflexively headbutt those who attack you in melee.
You have a pair of horns on your head.
You have a beak for a mouth.
You have sharp fingernails.
You are partially covered in icy blue scales (AC +1).
Your flesh is cold resistant.
Your body sometimes deteriorates upon taking damage.
You are frail (-10% HP).
Your system is resistant to poisons.
You rapidly evolve.


Message History

You feel slightly more hungry.
The sheep bellows!
FIQ's ghost barely misses you. You furiously retaliate!
You headbutt FIQ's ghost! 2 sheep come into view.
A sheep comes into view.
The sheep bellows! x2
The sheep bites you but does no damage.
Unknown command.
The sheep bites you.
* * * LOW HITPOINT WARNING * * *
The sheep bites you.
* * * LOW HITPOINT WARNING * * *
The sheep misses you.
Read which item? (? for menu, Esc to quit)
You cannot teleport because you are wearing the ring "Tuel" {-Tele rElec rPois rF+ rN+ Dex+2}.
You hit the sheep. You burn the sheep.
The sheep is heavily wounded.
FIQ's ghost hits you!!
You die...

####..#..#.##.^#.# #P............
(# #...#####.#.#####.............
.###.....#.^#....##..............
.##.......##............##.....<.
.##....P.....#.........#..(....##
##...........##..........#.P.P##
#............##P..Y...........P##
.#.........#####YYY##.........##.
...........## #@.#.#####.......#
..........#.# ##WY### #........
..P......P### #...P#### #........
P##.......# #..####.####...###.
.P........### #..#..#.##...P.# ##
..P...#...).###............###
.......##................(.##
.......##..........PP..P....##
...................####......#


You could see 5 sheep and FIQ's ghost.

Vanquished Creatures
  Snorg (Lair:6)
  Fannar (Lair:3)
  A hydra (Lair:6)
  Urug (Lair:2)
  A hill giant (D:10)
  A lindwurm (Volcano)
  2 griffons (Lair:3)
  3 elephants (Lair:5)
  Maurice (D:8)
  A black mamba (Lair:6)
  11 spiny frogs
  A toenail golem (Volcano)
  Joseph (D:7)
  A torpor snail (Lair:3)
  3 molten gargoyles (Volcano)
  6 komodo dragons
  3 trolls
  A jumping spider (Lair:6)
  Grinder (D:4)
  A deep elf mage (D:10)
  A human (D:7)
  A shadow (D:11)
  51 yaks
  3 spriggans (Lair:1)
  A hungry ghost (D:7)
  7 hippogriffs
  A wyvern (D:8)
  5 wolves
  3 fire elementals (Volcano)
  Menkaure (D:7)
  Duvessa (D:6)
  4 black bears
  6 porcupines
  An ice beast (D:8)
  7 water moccasins
  5 phantoms
  4 ogres
  5 orc warriors
  8 centaurs
  A sky beast (D:8)
  2 necrophages
  3 big kobolds
  8 crocodiles
  Blork the orc (D:4)
  A wyvern zombie (D:10)
  Dowan (D:6)
  17 giant frogs
  A gnoll sergeant (D:10)
  8 wights
  14 electric eels
  2 scorpions
  3 crimson imps
  2 hounds
  An iron imp (D:8)
  8 orc wizards
  A centaur zombie (D:8)
  5 jellies
  A centaur skeleton (D:4)
  3 giant frog skeletons
  Crazy Yiuf (D:3)
  4 orc priests (D:8)
  6 iguanas
  2 quasits (D:11)
  2 gnoll shamans
  11 worker ants
  4 sheep (D:7)
  A hound skeleton (D:6)
  A worker ant zombie (D:11)
  47 river rats
  15 gnolls
  19 adders
  6 shadow imps
  An ooze (D:3)
  A worm (D:3)
  6 giant geckos
  52 orcs
  A ball python (D:1)
  5 bat skeletons
  7 giant cockroaches
  14 goblins
  22 hobgoblins
  17 jackals
  19 bats
  6 giant newts
  A jackal skeleton (D:7)
  31 kobolds
  6 quokkas
  A quokka skeleton (D:8)
  2 quokka zombies
  14 rats
  A spectral orc (D:3)
  2 fire vortices (Volcano)
  A fungus (D:1)
569 creatures vanquished.

Vanquished Creatures (collateral kills)
  A hydra (Lair:3)
  Eustachio (D:5)
2 creatures vanquished.

Vanquished Creatures (others)
  A hydra (Lair:3)
  A spiny frog (Lair:1)
  2 yaks
  A hippogriff (Lair:3)
  A centaur (D:11)
  A river rat (Lair:2)
  An orc (D:11)
  15 fungi
  8 plants
31 creatures vanquished.

Grand Total: 602 creatures vanquished

Notes
Turn   | Place    | Note
--------------------------------------------------------------
     0 | D:1      | Monkaria the Minotaur Berserker began the quest for the Orb.
     0 | D:1      | Reached XP level 1. HP: 19/19 MP: 0/0
   427 | D:1      | Reached skill level 4 in Polearms
   575 | D:1      | Reached XP level 2. HP: 25/27 MP: 1/1
  1355 | D:2      | Reached XP level 3. HP: 22/33 MP: 2/2
  1555 | D:2      | Found a burning altar of Makhleb.
  1561 | D:2      | Acquired Trog's second power
  1561 | D:2      | Reached skill level 5 in Polearms
  1987 | D:3      | Reached XP level 4. HP: 41/41 MP: 3/3
  2033 | D:3      | Found a basalt altar of Yredelemnul.
  2108 | D:3      | Reached skill level 5 in Fighting
  2308 | D:3      | Noticed Crazy Yiuf
  2319 | D:3      | Killed Crazy Yiuf
  2319 | D:3      | Reached XP level 5. HP: 28/48 MP: 4/4
  2384 | D:3      | Found a stormy altar of Qazlal.
  2514 | D:3      | Found a glowing silver altar of Zin.
  2976 | D:3      | Reached skill level 6 in Polearms
  3293 | D:4      | Noticed a phantom
  3346 | D:4      | Killed a phantom
  3346 | D:4      | Reached XP level 6. HP: 36/58 MP: 5/5
  3365 | D:4      | Reached skill level 7 in Fighting
  3479 | D:4      | Noticed Blork the orc
  3760 | D:4      | Killed Blork the orc
  3785 | D:4      | Got a shimmering robe
  3788 | D:4      | Noticed Grinder
  4024 | D:3      | Identified the cursed +0 robe "Han Upte" {rElec Str+2 Slay-3} (You found it on level 4 of the Dungeon)
  4047 | D:4      | Killed Grinder
  4047 | D:4      | Reached XP level 7. HP: 66/66 MP: 6/6
  4177 | D:4      | Got a transparent rapier
  4184 | D:4      | Identified the cursed +0 rapier of the Candelabrum {distort, rC+ Dex+7} (You found it on level 4 of the Dungeon)
  4201 | D:4      | Gained mutation: You heal slowly when monsters are visible. [mutagenic glow]
  4248 | D:4      | Gained mutation: You are frail (-10% HP). [mutagenic glow]
  4269 | D:4      | Noticed an ogre
  4278 | D:4      | Killed an ogre
  4278 | D:4      | Reached skill level 5 in Armour
  4777 | D:5      | Entered Level 5 of the Dungeon
  4803 | D:5      | Acquired Trog's third power
  5004 | D:5      | Reached XP level 8. HP: 39/65 MP: 7/7
  5252 | D:5      | Identified a +0 rod of the swarm (13/13) (You found it on level 5 of the Dungeon)
  5261 | D:5      | Found a shattered altar of Ashenzari.
  5338 | D:5      | Found a shimmering altar of Xom.
  5339 | D:5      | Noticed Eustachio
  5351 | D:5      | Killed Eustachio
  5351 | D:5      | Reached skill level 8 in Polearms
  5352 | D:5      | Found an ancient bone altar of Kikubaaqudgha.
  5373 | D:5      | Found a deep blue altar of Sif Muna.
  6024 | D:6      | Reached skill level 9 in Polearms
  6123 | D:6      | Found a white marble altar of Elyvilon.
  6429 | D:6      | Noticed Duvessa
  6430 | D:6      | Noticed Dowan
  6454 | D:6      | Killed Duvessa
  6454 | D:6      | Reached skill level 10 in Polearms
  6458 | D:6      | Killed Dowan
  7038 | D:7      | Noticed Menkaure
  7048 | D:7      | Killed Menkaure
  7048 | D:7      | Reached skill level 11 in Polearms
  7062 | D:7      | Noticed Joseph
  7550 | D:7      | Reached XP level 9. HP: 71/71 MP: 8/8
  7644 | D:7      | Found a staircase to the Ecumenical Temple.
  7681 | Temple   | Entered the Ecumenical Temple
  7869 | D:7      | Reached skill level 12 in Polearms
  8004 | D:7      | Killed Joseph
  8076 | D:7      | Reached skill level 13 in Polearms
  8578 | D:8      | Reached skill level 14 in Polearms
  8589 | D:8      | Found a snail-covered altar of Cheibriados.
  8738 | D:8      | Reached XP level 10. HP: 77/77 MP: 9/9
  8867 | D:8      | Found Jopid's Magic Scroll Shoppe.
  8870 | D:8      | Bought a scroll of identify for 28 gold pieces
  8871 | D:8      | Bought a scroll of identify for 28 gold pieces
  8871 | D:8      | Bought a scroll of identify for 28 gold pieces
  8871 | D:8      | Bought a scroll of identify for 28 gold pieces
  8871 | D:8      | Bought a scroll of teleportation for 42 gold pieces
  9061 | D:8      | Received a gift from Trog
  9061 | D:8      | Reached skill level 15 in Polearms
  9082 | D:8      | Lost mutation: You heal slowly when monsters are visible. [mutagenic meat]
  9083 | D:8      | Gained mutation: You are partially covered in icy blue scales (AC +1). [mutagenic meat]
  9084 | D:8      | Gained mutation: You evolve. [mutagenic meat]
  9517 | D:8      | Noticed Maurice
  9522 | D:8      | Killed Maurice
  9562 | D:8      | Gained mutation: Your body sometimes deteriorates upon taking damage. [evolution]
  9713 | D:8      | Reached skill level 16 in Polearms
 10128 | D:9      | Found an opulent altar of Gozag.
 10287 | D:9      | Found an iron altar of Okawaru.
 10332 | D:9      | Reached skill level 10 in Armour
 10336 | D:9      | Reached XP level 11. HP: 82/82 MP: 10/10
 10512 | D:9      | Got a crude golden ring
 10629 | D:10     | Entered Level 10 of the Dungeon
 10680 | D:10     | Noticed a hill giant
 10696 | D:10     | Killed a hill giant
 10798 | D:10     | Identified the ring "Tuel" {-Tele rElec rPois rF+ rN+ Dex+2} (You found it on level 9 of the Dungeon)
 10890 | D:10     | Reached skill level 5 in Dodging
 10915 | D:10     | Found a staircase to the Orcish Mines.
 11150 | D:10     | Received a gift from Trog
 11318 | D:10     | Got a bloodstained halberd
 11406 | D:10     | Identified the +3 halberd of Saltpetre {freeze, rElec} (You found it on level 10 of the Dungeon)
 11450 | D:10     | Gained mutation: You are weak. (Str -2) [evolution]
 11456 | D:10     | Gained mutation: Your system is resistant to poisons. [potion of mutation]
 11456 | D:10     | Gained mutation: You have a beak for a mouth. [potion of mutation]
 11456 | D:10     | Gained mutation: Your flesh is cold resistant. [potion of mutation]
 11627 | D:11     | Found a glowing silver altar of Zin.
 11668 | D:11     | Found a staircase to the Lair.
 11962 | Lair:1   | Entered Level 1 of the Lair of Beasts
 12481 | Lair:1   | Gained mutation: You rapidly evolve. [evolution]
 12513 | Lair:1   | Reached skill level 10 in Dodging
 12838 | Lair:2   | Reached XP level 12. HP: 87/95 MP: 11/11
 12982 | Lair:2   | Reached skill level 10 in Fighting
 12996 | Lair:2   | Reached skill level 17 in Polearms
 13574 | Lair:2   | Reached XP level 13. HP: 101/101 MP: 12/12
 13644 | Lair:2   | Noticed Urug
 13679 | Lair:2   | Killed Urug
 14549 | Lair:3   | Reached skill level 18 in Polearms
 14685 | Lair:3   | Noticed Fannar
 14702 | Lair:3   | Killed Fannar
 14769 | Lair:3   | Identified a scroll of acquirement
 14797 | Lair:3   | Found a staircase to the Swamp.
 15468 | Lair:3   | Reached skill level 19 in Polearms
 15471 | Lair:3   | Received a gift from Trog
 15557 | Lair:3   | Gained mutation: You have sharp fingernails. [evolution]
 16013 | Lair:4   | Found a dark tunnel.
 16021 | Volcano  | Entered a volcano
 17413 | Lair:5   | Lost mutation: You are weak. (Str -2) [evolution]
 18123 | Lair:6   | Noticed Snorg
 18135 | Lair:6   | Killed Snorg
 18135 | Lair:6   | Received a gift from Trog
 18381 | Lair:6   | Found a hole to the Spider Nest.
 18499 | Lair:6   | Reached XP level 14. HP: 60/108 MP: 13/13
 18675 | Lair:6   | Noticed FIQ's ghost (powerful TrCK)
 18699 | Lair:6   | HP: 4/108 [FIQ's ghost (25)]
 19117 | Lair:6   | HP: 1/108 [FIQ's ghost (30)]
 19131 | Lair:6   | Slain by FIQ's ghost

Vault maps used:
D:1:      onia_arrival_mini_maze, roderic_lattice_a,
          minmay_misc_feat_four_crosses, hex_tiny, minmay_misc_feat_nine_boxes
D:2:      makhleb_grotto_becter
D:3:      yredelemnul_forgotten_temple_becter, lemuel_doored_altar,
          grunt_qazlal_clouds, uniq_crazy_yiuf_cottage
D:4:      corexii_shack_village, first_bread, serial_aquarium,
          aquarium_bridge_long_separate, aquarium_window_corner,
          aquarium_window_2, aquarium_window_fake, aquarium_window_fake,
          aquarium_view_2a, aquarium_view_2b, aquarium_pool_five,
          grunt_decor_arrowhead, uniq_blork_the_orc, uniq_grinder
D:5:      ashenzari_altar_1, lemuel_crystal_altar, grunt_temple_overflow_open,
          zaba_anthole, uniq_eustachio
D:6:      black_bear_nest_1, elyvilon_altar_1, uniq_duvessa
D:7:      temple_fountains, grunt_livestock, uniq_menkaure, uniq_joseph
D:8:      wad_guarded_room, slow_altar_1, nicolae_ossuary_entry_false_entrances,
          serial_shops, nicolae_shop_behind_doors, serial_bayou_lake_a,
          uniq_maurice
D:9:      okawaru_trees_1, grunt_gozag_breadcrumbs, hangedman_decor_push
D:10:     hiddenorc1_lemuel
D:11:     due_lair_maze_entry_diamond, basic_altar
Temple:   nicolae_temple_great_sept
Lair:1:   wad_woods_settlement, serial_bayou_pond_e
Lair:2:   serial_bayou_lagoon_b, uniq_urug
Lair:3:   swamp_mist_pool, infiniplex_staircase_pool_2, uniq_fannar
Lair:4:   nicolae_volcano_entry_hallway, beast_lair_carwin_1
Lair:6:   spider_nest_entry_rubble, uniq_snorg
Volcano:  volcano_aerie

Action                   |  1- 3 |  4- 6 |  7- 9 | 10-12 | 13-15 || total
-------------------------+-------+-------+-------+-------+-------++-------
Melee: Spear             |    91 |   206 |   491 |       |       ||   788
       Halberd           |       |       |    57 |   411 |   363 ||   831
       Glaive            |       |       |       |   233 |    64 ||   297
Invok: Trog's Hand       |       |     1 |     4 |     2 |     7 ||    14
       Berserk           |       |     1 |     3 |     1 |       ||     5
Evoke: Rod               |       |       |     2 |       |     2 ||     4
  Use: Scroll            |       |     3 |    14 |    15 |     9 ||    41
       Potion            |       |       |       |     3 |     2 ||     5
 Stab: Sleeping          |       |     5 |       |       |       ||     5
       Distracted        |       |     2 |       |     1 |       ||     3
  Eat: Chunk             |     3 |     7 |    21 |    20 |     9 ||    60
       Fruit             |       |       |       |     5 |       ||     5
       Bread ration      |       |       |       |       |     2 ||     2
       Beef jerky        |       |       |       |       |     1 ||     1
